 Dungeon Crawl Stone Soup version 0.25.1-2-g60ff931df9 (webtiles) character file.

Game seed: 15872567678170429509

339 nikku the Chiller (level 6, -5/32 HPs)
             Began as a Deep Elf Ice Elementalist on Dec 7, 2020.
             Slain by Sigmund
             ... wielding a +0 scythe of venom
              (22 damage)
             ... on level 4 of the Dungeon.
             The game lasted 00:12:05 (3467 turns).

nikku the Chiller (Deep Elf Ice Elementalist)       Turns: 3467, Time: 00:12:06

Health: -5/32      AC:  3    Str:  7    XL:     6   Next: 29%
Magic:  16/16      EV: 16    Int: 20    God:
Gold:   191        SH:  5    Dex: 21    Spells: 3/15 levels left

rFire    . . .     SeeInvis .   r - +3 dagger
rCold    . . .     Gourm    .   (no shield)
rNeg     . . .     Faith    .   a - +0 robe
rPois    .         Spirit   .   (no helmet)
rElec    .         Reflect  +   (no cloak)
rCorr    .         Harm     .   k - +0 pair of gloves
MR       .....                  (no boots)
Stlth    ++........             e - amulet of reflection
HPRegen  0.10/turn              i - +6 ring of dexterity
MPRegen  0.15/turn              (no ring)

@: frozen ramparts
A: no striking features
a: no special abilities


You were on level 4 of the Dungeon.
You were not hungry.

You visited 1 branch of the dungeon, and saw 4 of its levels.

You collected 191 gold pieces.

Inventory:

Hand Weapons
 b - a +0 falchion of distortion
 r - a +3 dagger (weapon)
Missiles
 g - 53 stones (quivered)
 n - 8 atropa-tipped darts
Armour
 a - a +0 robe (worn)
 k - a +0 pair of gloves (worn)
Jewellery
 e - an amulet of reflection (around neck)
 i - a +6 ring of dexterity (left hand)
Wands
 j - a wand of iceblast (6)
Scrolls
 p - a scroll of amnesia
 q - a scroll of enchant weapon
Potions
 f - a potion of brilliance
 l - a potion of magic
 m - 2 potions of haste
Comestibles
 c - 8 rations


   Skills:
 + Level 4.7 Dodging
 - Level 2.4 Stealth
 + Level 5.3 Spellcasting
 + Level 2.4 Conjurations
 + Level 5.8 Ice Magic


You had 3 spell levels left.
You knew the following spells:

 Your Spells              Type           Power        Failure   Level  Hunger
a - Freeze                Ice            ####         1%          1    None
b - Hailstorm             Conj/Ice       ###.....     21%         4    ####...
c - Frozen Ramparts       Ice            ####..       3%          3    ##.....
d - Summon Ice Beast      Ice/Summ       ###.....     34%         4    ####...

Your spell library contained the following spells:

 Spells                   Type           Power        Failure   Level  Hunger
 Ozocubu's Armour         Chrm/Ice       ###.....     11%         3    ##.....


Dungeon Overview and Level Annotations

Branches:
Dungeon (4/15)
 Temple: D:4-7

Altars:
Ashenzari

Annotations:
D:4 Sigmund


Message History

The orc wizard blinks!
You are confused.
You feel invigorated.
The wall freezes something.
Something hits you!
* * * LOW HITPOINT WARNING * * *
You are lethally poisoned!
The orc wizard casts a spell.
The orc wizard seems to speed up.
The phantom completely resists.
The wall freezes the phantom but do no damage.
You bump into the rock wall.
* * * LOW HITPOINT WARNING * * *
You feel sick.
The wall freezes something.
You hear some strange, mumbled words.
Something tries to affect you, but you resist.
The orc wizard casts a spell at you. You resist with some effort.
The phantom completely resists.
The wall freezes the phantom but do no damage.
You feel better.
You feel less invigorated.
The wall freezes something.
Something hits you!!
Ouch! That really hurt!
You die...

.### .... #### #...
... . ..... ##..
..##.. ..... ..#
#..... ..((#####.#
###......
#........###....#'#
#............#).'_+
#(.......#W##...#+#.
#.......(.{.@.o.....#
##........#.#####....#
##.........#.# ....
###.(......(.#.# ...
#..(#<.(.(.(.#.# .ยง
#..(#...(W.(...# .
#...##......(.....
#%..##(.((........
#...[(.((.((......


You could see a phantom and an orc wizard (fast).

Vanquished Creatures
  Eustachio (D:4)
  2 orc wizards
  An iguana (D:4)
  4 adders
  2 dart slugs
  2 leopard geckos
  5 orcs
  5 bats
  7 giant cockroaches
  5 goblins
  4 hobgoblins
  4 jackals (D:2)
  6 kobolds
  A quokka (D:2)
  3 ball pythons
  3 frilled lizards
  8 rats
63 creatures vanquished.

Notes
Turn   | Place    | Note
-------+----------+-------------------------------------------
     0 | D:1      | nikku the Deep Elf Ice Elementalist began the quest for the
                  | Orb.
     0 | D:1      | Reached XP level 1. HP: 10/10 MP: 6/6
   202 | D:1      | Reached XP level 2. HP: 15/15 MP: 6/8
   987 | D:2      | Reached XP level 3. HP: 19/19 MP: 8/10
  1565 | D:2      | Reached skill level 5 in Ice Magic
  1783 | D:2      | Reached XP level 4. HP: 17/24 MP: 8/12
  1921 | D:2      | Learned a level 3 spell: Frozen Ramparts
  1926 | D:2      | Learned a level 4 spell: Hailstorm
  2728 | D:3      | Reached skill level 1 in Conjurations
  2846 | D:4      | Noticed Eustachio
  2860 | D:4      | Noticed a phantom
  2950 | D:4      | Noticed a phantom
  2992 | D:4      | Reached XP level 5. HP: 28/28 MP: 8/13
  3245 | D:4      | Killed Eustachio
  3245 | D:4      | Reached skill level 5 in Spellcasting
  3245 | D:4      | Reached XP level 6. HP: 18/32 MP: 2/16
  3423 | D:3      | Learned a level 4 spell: Summon Ice Beast
  3441 | D:4      | Noticed Sigmund
  3461 | D:4      | Found a shattered altar of Ashenzari.
  3467 | D:4      | Slain by Sigmund

Illustrated notes

Levels and vault maps discovered:
D:1:      dpeg_arrival_chambers_temple_mockup, layout_rooms
D:2:      layout_basic, hangedman_decor_diamond_cutter
D:3:      layout_basic
D:4:      layout_rooms, kennysheep_mini_moat, marbit_many_paths, first_ration,
          tgw_xom, uniq_eustachio, uniq_sigmund

Skill      XL: |  1  2  3  4  5 |
---------------+----------------+-----
Dodging        | 3 4 |  4.7
Spellcasting   | 4 5 |  5.3
Ice Magic      | 5 |  5.8
Conjurations   | 1 2 |  2.4
Stealth        | |  2.4

Action                   |  1- 3 |  4- 6 || total
-------------------------+-------+-------++-------
Melee: Club              |     2 |       ||     2
       Unarmed           |     1 |       ||     1
       Dagger            |     4 |    24 ||    28
Throw: Stone             |       |    35 ||    35
 Cast: Freeze            |    57 |    34 ||    91
       Frozen Ramparts   |       |    11 ||    11
  Use: Scroll            |     4 |     6 ||    10
       Potion            |       |     3 ||     3
  Eat: Chunk             |     2 |     4 ||     6
       Ration            |       |     1 ||     1
Armor: Robe              |     7 |     2 ||     9
Dodge: Dodged            |    26 |    22 ||    48
Block: Other             |     5 |     4 ||     9
